 Dungeon Crawl Stone Soup version 0.25-a0-413-g3b4b6a4ccc (webtiles) character file.

Game seed: 3485057975583705045, levelgen mode: deterministic

109 MisterFreud the Cutter (level 4, -1/41 HPs)
             Began as a Gnoll Chaos Knight on Jan 15, 2020.
             Was a Plaything of Xom.
             Killed from afar by an orc wizard (6 damage)
             ... with a puff of frost
             ... on level 3 of the Dungeon.
             The game lasted 00:03:28 (1895 turns).

MisterFreud the Cutter (Gnoll Chaos Knight)         Turns: 1895, Time: 00:03:29

Health: -1/41      AC:  9    Str: 14    XL:     4   Next: 90%
Magic:  5/5        EV: 13    Int: 16    God:    Xom [..*...]
Gold:   131        SH:  0    Dex: 14    Spells: 5/5 levels left

rFire    . . .     SeeInvis .   a - +0 short sword (chaos)
rCold    . . .     Gourm    .   (no shield)
rNeg     . . .     Faith    .   b - +2 leather armour
rPois    .         Spirit   .   (no helmet)
rElec    .         Reflect  .   o - +0 cloak
rCorr    .         Harm     +   (no gloves)
MR       .....                  t - +1 pair of boots
Stlth    ++........             s - amulet of harm
HPRegen  0.13/turn              (no ring)
MPRegen  0.09/turn              (no ring)

@: no status effects
A: distributed training, fangs 1, strong nose
a: Renounce Religion


You were on level 3 of the Dungeon.
You worshipped Xom.
You were a toy of Xom.
You were not hungry.

You visited 1 branch of the dungeon, and saw 3 of its levels.

You collected 131 gold pieces.

Inventory:

Hand Weapons
 a - a +0 short sword of chaos (weapon)
Missiles
 d - 103 stones (quivered)
 f - 3 boomerangs
 j - 16 poisoned darts
 l - 38 sling bullets
 q - 24 bolts
Armour
 b - a +2 leather armour (worn)
 o - a +0 cloak (worn)
 t - a +1 pair of boots (worn)
Jewellery
 s - an amulet of harm (around neck)
Scrolls
 e - 4 scrolls of identify {unknown}
 h - 2 scrolls of teleportation {unknown}
 m - a scroll of enchant weapon {unknown}
 r - a scroll of random uselessness {unknown}
 u - a scroll of amnesia {unknown}
Potions
 g - 3 potions of flight {unknown}
 i - a potion of curing {unknown}
 k - a potion of haste
 n - a potion of ambrosia {unknown}
Comestibles
 c - 2 rations
 p - a chunk of flesh


   Skills:
 + Level 6.6 Fighting
 + Level 6.6 Short Blades
 + Level 1.2 Long Blades
 + Level 1.2 Axes
 + Level 1.2 Maces & Flails
 + Level 1.2 Polearms
 + Level 1.2 Staves
 + Level 1.2 Slings
 + Level 1.2 Bows
 + Level 1.2 Crossbows
 + Level 1.2 Throwing
 + Level 4.7 Armour
 + Level 2.8 Dodging
 + Level 1.2 Stealth
 + Level 1.2 Shields
 + Level 1.2 Unarmed Combat
 + Level 1.2 Spellcasting
 + Level 1.0 Conjurations
 + Level 1.0 Hexes
 + Level 1.0 Charms
 + Level 1.0 Summonings
 + Level 1.0 Necromancy
 + Level 1.0 Translocations
 + Level 1.0 Transmutations
 + Level 1.0 Fire Magic
 + Level 1.0 Ice Magic
 + Level 1.0 Air Magic
 + Level 1.0 Earth Magic
 + Level 1.0 Poison Magic
 + Level 1.3 Invocations
 + Level 1.2 Evocations


You had 5 spell levels left.
You didn't know any spells.
Your spell library was empty.

Dungeon Overview and Level Annotations

Branches:
Dungeon (3/15)

Altars:
Ashenzari
Sif Muna


Innate Abilities, Weirdness & Mutations

Your experience applies equally to all skills.
You have very sharp teeth.
Your uncanny sense of smell can sniff out nearby items.


Message History

Something barely misses your iron imp.
The orc wizard gestures at your white imp while chanting.
The puff of frost hits your white imp.
Your white imp resists.
Your white imp closely misses the orc wizard.
A magic dart appears from out of thin air!
The magic dart hits you.
Something hits your iron imp but does no damage.
The orc priest invokes the aid of Beogh against you.
Beogh smites you!
* * * LOW HITPOINT WARNING * * *
The orc wizard hits your white imp but does no damage.
Something hits your white imp.
Your white imp dies!
Your iron imp misses the orc wizard.
Xom's attention almost turns to you for a moment.
A puff of frost appears from out of thin air!
The puff of frost hits you.
You die...
Xom chortles!

##...#.#.# ##.....## ##...#
##..#..#.# ##..oo...## ##.##.#
...#.....###.{.......####...#.#
..#.......o'.o5......'........#
##..##.5.###....o....####...#.#
##..##{.## ##.......## ##.##.#
..#.....# ##.....## ####.#
o..#{...# ##†..## ###.#
##wg#...# ##@## #...# ##...#g.#
#.# #.### ......#.# #.#
########.# #######.#
#####.###........# #.#
##......##.#####..#
#.###.###....#....##..# #.##.##
##..##.....#..# #.##.#
#.........#..# #....##
##.###.÷......#


You could see 2 orc priests, 2 orc wizards, an orc and a friendly iron imp
(confused).

Vanquished Creatures
  Natasha (D:3)
  2 adders (D:2)
  4 worms
  A dart slug (D:2)
  2 leopard geckos (D:2)
  A ball python (D:2)
  4 bats
  2 giant cockroaches
  3 hobgoblins
  10 kobolds
  2 frilled lizards
  7 goblins
  4 rats
43 creatures vanquished.

Vanquished Creatures (collateral kills)
  Natasha (D:3)
1 creature vanquished.

Grand Total: 44 creatures vanquished

Notes
Turn   | Place    | Note
-------+----------+-------------------------------------------
     0 | D:1      | MisterFreud the Gnoll Chaos Knight began the quest for the
                  | Orb.
     0 | D:1      | Reached XP level 1. HP: 23/23 MP: 1/1
    97 | D:1      | XOM: harmless Ice miscast
   251 | D:1      | Reached XP level 2. HP: 26/29 MP: 2/2
   292 | D:1      | XOM: harmless Tmut miscast
   440 | D:1      | Found a shattered altar of Ashenzari.
   446 | D:1      | XOM: harmless Erth miscast
   460 | D:1      | XOM: silly message
   731 | D:2      | XOM: butterfly on damage
   822 | D:2      | Found a shimmering blue altar of Sif Muna.
   958 | D:2      | XOM: mild Pois miscast
  1322 | D:2      | Reached XP level 3. HP: 35/35 MP: 3/3
  1452 | D:2      | Reached skill level 1 in Invocations
  1532 | D:2      | Reached skill level 1 in Long Blades
  1532 | D:2      | Reached skill level 1 in Axes
  1532 | D:2      | Reached skill level 1 in Maces & Flails
  1532 | D:2      | Reached skill level 1 in Polearms
  1532 | D:2      | Reached skill level 1 in Staves
  1532 | D:2      | Reached skill level 1 in Slings
  1532 | D:2      | Reached skill level 1 in Bows
  1532 | D:2      | Reached skill level 1 in Crossbows
  1532 | D:2      | Reached skill level 1 in Throwing
  1532 | D:2      | Reached skill level 1 in Stealth
  1532 | D:2      | Reached skill level 1 in Shields
  1532 | D:2      | Reached skill level 1 in Unarmed Combat
  1532 | D:2      | Reached skill level 1 in Spellcasting
  1532 | D:2      | Reached skill level 1 in Evocations
  1571 | D:2      | Reached XP level 4. HP: 41/41 MP: 5/5
  1866 | D:3      | Noticed Natasha
  1870 | D:3      | XOM: summons 2 friendly demons
  1874 | D:3      | XOM: cast spell 'Shadow Creatures'
  1878 | D:3      | Killed Natasha
  1881 | D:3      | Noticed Natasha
  1883 | D:3      | XOM: harmless Erth miscast
  1886 | D:3      | Killed Natasha
  1886 | D:3      | Reached skill level 1 in Conjurations
  1886 | D:3      | Reached skill level 1 in Hexes
  1886 | D:3      | Reached skill level 1 in Charms
  1886 | D:3      | Reached skill level 1 in Summonings
  1886 | D:3      | Reached skill level 1 in Necromancy
  1886 | D:3      | Reached skill level 1 in Translocations
  1886 | D:3      | Reached skill level 1 in Transmutations
  1886 | D:3      | Reached skill level 1 in Fire Magic
  1886 | D:3      | Reached skill level 1 in Ice Magic
  1886 | D:3      | Reached skill level 1 in Air Magic
  1886 | D:3      | Reached skill level 1 in Earth Magic
  1886 | D:3      | Reached skill level 1 in Poison Magic
  1895 | D:3      | XOM: harmless Chrm miscast
  1895 | D:3      | Killed from afar by an orc wizard

Levels and vault maps discovered:
D:1:      dpeg_arrival_tiny_c, layout_basic, ashenzari_altar_1
D:2:      kennysheep_six_static_rooms, layout_rooms, old_standard_altar,
          serial_rivers, chequers_serial_rivers_large_a,
          chequers_serial_rivers_micro_d, chequers_serial_rivers_micro_b,
          chequers_serial_rivers_small_a
D:3:      layout_loops_corners, minmay_misc_feat_tiny, minivault_26,
          uniq_natasha

Skill      XL: |  1  2  3  4 |
---------------+-------------+-----
Invocations    | 1 |  1.3
Long Blades    | 1 |  1.2
Axes           | 1 |  1.2
Maces & Flails | 1 |  1.2
Polearms       | 1 |  1.2
Staves         | 1 |  1.2
Slings         | 1 |  1.2
Bows           | 1 |  1.2
Crossbows      | 1 |  1.2
Throwing       | 1 |  1.2
Stealth        | 1 |  1.2
Shields        | 1 |  1.2
Unarmed Combat | 1 |  1.2
Spellcasting   | 1 |  1.2
Evocations     | 1 |  1.2
Conjurations   | 1 |  1.0
Hexes          | 1 |  1.0
Charms         | 1 |  1.0
Summonings     | 1 |  1.0
Necromancy     | 1 |  1.0
Translocations | 1 |  1.0
Transmutations | 1 |  1.0
Fire Magic     | 1 |  1.0
Ice Magic      | 1 |  1.0
Air Magic      | 1 |  1.0
Earth Magic    | 1 |  1.0
Poison Magic   | 1 |  1.0
Fighting       | |  6.6
Short Blades   | |  6.6
Armour         | |  4.7
Dodging        | |  2.8

Action                   |  1- 3 |  4- 6 || total
-------------------------+-------+-------++-------
Melee: Short sword       |   104 |    50 ||   154
       Bite              |    10 |     4 ||    14
Throw: Stone             |    10 |       ||    10
  Eat: Chunk             |     2 |     1 ||     3
Armor: Leather armour    |    29 |     9 ||    38
Dodge: Dodged            |    57 |    15 ||    72

Table legend:
 A = Non-vault XP
 B = Vault XP
 C = Vault XP percentage of total XP
 D = Non-vault monster count
 E = Vault monster count
 F = Vault count percentage of total count
                 A         B        C        D         E       F
            +---------+---------+-------+---------+---------+-------
      Total |     119 |      38 |  24.2 |      38 |       6 |  13.6
            +---------+---------+-------+---------+---------+-------
        D:1 |      15 |       0 |   0.0 |      10 |       0 |   0.0
        D:2 |      57 |      21 |  26.9 |      22 |       5 |  18.5
        D:3 |      47 |      17 |  26.6 |       6 |       1 |  14.3
            +---------+---------+-------+---------+---------+-------
